 Dungeon Crawl Stone Soup version 0.29-a0-721-g7f417c9bbb (webtiles) character file.

Game seed: 2446952728528841919

125 Mgcat the Trooper (level 5, 0/55 HPs)
             Began as an Ogre Fighter on June 27, 2022.
             Slain by a shadow imp (3 damage)
             ... summoned by Eustachio
             ... on level 4 of the Dungeon.
             The game lasted 00:02:29 (2909 turns).

Mgcat the Trooper (Ogre Fighter)                    Turns: 2909, Time: 00:02:30

Health: 0/55       AC:  3    Str: 22      XL:     5   Next: 9%
Magic:  5/5        EV:  8    Int:  9      God:
Gold:   148        SH:  7    Dex:  6 (8)  Spells: 4/4 levels left

rFire   . . .      SeeInvis .   a - +0 war axe
rCold   . . .      Faith    .   c - +0 kite shield
rNeg    . . .      Spirit   .   b - +0 robe
rPois   .          Reflect  .   (helmet restricted)
rElec   .          Harm     .   (no cloak)
rCorr   .          Rampage  .   (gloves unavailable)
Will    +....                   (boots unavailable)
Stlth   +.........              (no amulet)
HPRegen 0.18/turn               i - ring of willpower
MPRegen 0.09/turn               (no ring)

@: mighty
A: large, unfitting armour, tough skin 1
a: no special abilities


You were on level 4 of the Dungeon.
You visited 1 branch of the dungeon, and saw 4 of its levels.

You collected 148 gold pieces.

Inventory:

Hand Weapons
 a - a +0 war axe (weapon)
Armour
 b - a +0 robe (worn)
 c - a +0 kite shield (worn)
Jewellery
 i - a ring of willpower (left hand)
   (You found it on level 2 of the Dungeon)
Scrolls
 g - a scroll of blinking {unknown}
 j - a scroll of magic mapping {unknown}
 l - 3 scrolls of identify {unknown}
 m - a scroll of teleportation {unknown}
 n - a scroll of noise {unknown}
 o - a scroll of immolation {unknown}
Potions
 e - 2 potions of invisibility {unknown}
 f - 3 potions of curing {unknown}
 h - a potion of degeneration {unknown}
 k - a potion of resistance {unknown}


   Skills:
 + Level 4.8 Fighting
 * Level 3.5 Axes
 + Level 3.3 Dodging
 + Level 3.6 Shields


You had 4 spell levels left.
You didn't know any spells.
Your spell library contained the following spells:

 Spells                   Type           Power      Damage    Failure   Level
 Sublimation of Blood     Necr           0%         N/A       82%         2
 Wereblood                Tmut           0%         N/A       82%         2
 Summon Hydra             Summ           0%         N/A       100%        7


Dungeon Overview and Level Annotations

Branches:
Dungeon (4/15)
 Temple: D:4-7

Altars:
Trog

Annotations:
D:3 3 runed translucent doors, gabibbone's ghost, amateur OpTm
D:4 Eustachio


Innate Abilities, Weirdness & Mutations

You are too large for most types of armour.
You have tough skin. (AC +1)


Message History

Health restored: 55 You hit the bat.
You kill the bat!
No target in view!
No target in view!
You see here a bat corpse.
You see here a +0 pair of boots.
You see here a +0 pair of boots.
There is an open door here.
The ball python hisses angrily.
The hobgoblin shouts!
The frilled lizard hisses angrily.
Gabibbone's ghost turns its malevolent gaze towards you.
There is an open door here.
There is an open door here.
Key pressed, stopping explore.
Key pressed, stopping explore.
There is an open door here.
There is an open door here.
The ball python hisses angrily.
The hobgoblin shouts!
You hear an angry hiss.
The frilled lizard hisses angrily.
Could not explore, unopened runed door.
Could not explore, unopened runed door.
Could not explore, unopened runed door.
Could not explore, unopened runed door.
Could not explore, unopened runed door.
Could not explore, unopened runed door.
Could not explore, unopened runed door.
Could not explore, unopened runed door.
Could not explore, unopened runed door.
Could not explore, unopened runed door.
Could not explore, unopened runed door.
Could not explore, unopened runed door.
(D) Dungeon
Where to? (Enter - D:3, ? - help)
What level of the Dungeon? (default 1, ? - help)
There is a stone staircase leading down here.
You climb downwards.
Eustachio shouts!
The kobold shouts!
There is a stone staircase leading up here.
There are monsters nearby!
Spoiler Alert: Eustachio can summon minor creatures and blink!
There are monsters nearby!
The kobold hits you with a +0 short sword.
You take 1 damage, and have 54/55 hp.
You closely miss the kobold. The kobold hits you but does no damage.
You feel very mighty all of a sudden. The kobold closely misses you.
Eustachio hits you with a +0 falchion.
You take 6 damage, and have 48/55 hp.
Spoiler Alert: Eustachio can summon minor creatures and blink!
You miss Eustachio. You closely miss the kobold. The kobold closely misses you.
Eustachio hits you with a +0 falchion!
You take 6 damage, and have 42/55 hp.
You slash Eustachio!
Eustachio is heavily wounded.
You slash the kobold!
You kill the kobold!
You block Eustachio's attack.
Eustachio mumbles some strange words.
Warning x2: Eustachio can summon minor creatures and blink!
The shadow imp (summoned) can cast Pain and Animate Dead!
You barely miss Eustachio.
Eustachio is heavily wounded.
Eustachio mumbles some strange words.
Eustachio blinks!
Warning x2: Eustachio can summon minor creatures and blink!
The shadow imp (summoned) can cast Pain and Animate Dead!
The quasit bites you.
You feel clumsy. You block the quasit's attack.
The quasit claws you but does no damage.
The shadow imp misses you. The quasit bites you. The quasit claws you.
You feel clumsy. You block the quasit's attack. The iron imp hits you!
You take 13 damage, and have 29/55 hp.
MASSIVE DAMAGE!!
Warning x2: Eustachio can summon minor creatures and blink!
The shadow imp (summoned) can cast Pain and Animate Dead!
You barely miss Eustachio.
Eustachio is heavily wounded.
You hit the quasit. You slash the shadow imp! You hit the iron imp.
You block Eustachio's attack. You block the quasit's attack.
The quasit claws you but does no damage.
The quasit completely misses you. The shadow imp gestures at you.
Pain shoots through your body! Eustachio hits you with a +0 falchion.
* * * LOW HITPOINT WARNING * * *
The iron imp hits you.
* * * LOW HITPOINT WARNING * * *
The quasit barely misses you.
The quasit claws you but does no damage. x2
You block the shadow imp's attack.
You take 19 damage, and have 10/55 hp.
MASSIVE DAMAGE!!
Warning x2: Eustachio can summon minor creatures and blink!
The shadow imp (summoned) can cast Pain and Animate Dead!
You closely miss Eustachio.
Eustachio is heavily wounded.
You miss the quasit. You closely miss the shadow imp. You hit the iron imp.
The quasit bites you but does no damage.
The quasit claws you.
* * * LOW HITPOINT WARNING * * *
You block the quasit's attack. Eustachio hits you with a +0 falchion.
* * * LOW HITPOINT WARNING * * *
The shadow imp hits you.
You die...

...####
#......
#......
##.....##
#.......##
#
.....B..#.#
#.@55...#
#.5@...[#
#.<.).###
#.##### #.
.# #. #. .
.


You could see Eustachio, an iron imp (summoned), a quasit (summoned), a shadow
imp (summoned) and a giant cockroach.

Vanquished Creatures
  Jessica (D:2)
  4 adders (D:3)
  2 worms
  An orc (D:3)
  10 ball pythons
  6 bats
  A bat zombie (D:2)
  An endoplasm (D:1)
  4 goblins
  8 hobgoblins
  6 kobolds
  2 quokkas
  3 ball python skeletons (D:2)
  A ball python zombie (D:2)
  3 frilled lizards (D:2)
  7 rats
60 creatures vanquished.

Vanquished Creatures (others)
  A withered plant (D:2)
1 creature vanquished.

Grand Total: 61 creatures vanquished

Notes
Turn   | Place    | Note
-------+----------+-------------------------------------------
     0 | D:1      | Mgcat the Ogre Fighter began the quest for the Orb.
     0 | D:1      | Reached XP level 1. HP: 24/24 MP: 1/1
   230 | D:1      | Reached XP level 2. HP: 32/32 MP: 2/2
   831 | D:1      | Found a faded altar of an unknown god.
  1066 | D:2      | Reached XP level 3. HP: 34/39 MP: 3/3
  1115 | D:2      | Found a bloodstained altar of Trog.
  1120 | D:2      | Noticed Jessica
  1126 | D:2      | Killed Jessica
  1127 | D:2      | Reached skill level 3 in Axes
  1127 | D:2      | Reached skill level 3 in Dodging
  1250 | D:2      | Reached XP level 4. HP: 49/49 MP: 4/4
  1914 | D:3      | Noticed gabibbone's ghost (amateur OpTm)
  2581 | D:3      | Found a runed translucent gate.
  2582 | D:3      | Found a runed translucent gate.
  2583 | D:3      | Found a runed translucent gate.
  2601 | D:3      | Reached XP level 5. HP: 55/55 MP: 5/5
  2900 | D:4      | Noticed Eustachio
  2908 | D:4      | HP: 10/55 [iron imp[Eustachio] (6)]
  2909 | D:4      | HP: 3/55 [Eustachio/+0 falchion (5)]
  2909 | D:4      | Slain by a shadow imp

Illustrated notes

Levels and vault maps discovered:
D:1:      lemuel_arrival_river_ford, layout_loops_ring,
          ebering_ecumenical_altar_webs
D:2:      layout_basic, basic_altar, serial_undead, serial_undead_b,
          serial_undead_f, serial_undead_c, serial_undead_a, serial_undead_f,
          serial_undead_b, minivault_19, uniq_jessica
D:3:      layout_basic, gammafunk_ghost_split
D:4:      layout_layer_cave, grunt_temple_overflow_cloverleaf,
          minmay_hollow_rounded_squares, uniq_menkaure, uniq_duvessa, uniq_ijyb,
          uniq_eustachio

Skill      XL: |  1  2  3 |
---------------+----------+-----
Axes           | 3 |  3.5
Dodging        | 3 |  3.3
Fighting       | |  4.8
Shields        | |  3.6

Action                   |  1- 3 |  4- 6 || total
-------------------------+-------+-------++-------
Melee: War axe           |    81 |    88 ||   169
  Use: Potion            |       |     1 ||     1
 Stab: Sleeping          |     1 |     1 ||     2
Armor: Robe              |    17 |    26 ||    43
Dodge: Dodged            |    42 |    35 ||    77
Block: Kite shield       |    31 |    31 ||    62

Table legend: (Time is in decaauts)
 A = Elapsed time spent in this place.
 B = Non-inter-level travel time spent in this place.
 C = Inter-level travel time spent in this place.
 D = Time resting spent in this place.
 E = Time spent auto-exploring this place.
 F = Levels seen in this place.
 G = Mean time per level.
                   A        B        C        D        E       F      G
               +--------+--------+--------+--------+--------+-----+--------+
         Total |   2997 |   2962 |     35 |    257 |   2279 |   4 |  749.2 |
       Dungeon |   2997 |   2962 |     35 |    257 |   2279 |   4 |  749.2 |
               +--------+--------+--------+--------+--------+-----+--------+

Top non-repeatable levels by time:
     D:3: 1193 daAuts
     D:1: 1044 daAuts
     D:2: 748 daAuts
     D:4: 11 daAuts

Table legend:
 A = Kills in this place as a percentage of kills in entire the game.
 B = Kills by you in this place as a percentage of kills by you in the entire game.
 C = Kills by friends in this place as a percentage of kills by friends in the entire game.
 D = Other kills in this place as a percentage of other kills in the entire game.
 E = Experience gained in this place as a percentage of experience gained in the entire game.
 F = Experience gained in this place divided by the number of levels of this place that you have seen.
                   A       B       C       D       E      F
               +-------+-------+-------+-------+-------+----------------------
         Total | 100.0 | 100.0 |   N/A |   N/A | 100.0 |  44.8
       Dungeon | 100.0 | 100.0 |   N/A |   N/A | 100.0 |  44.8
               +-------+-------+-------+-------+-------+----------------------
